 Dungeon Crawl Stone Soup version 0.19-a0-1182-g094b998 (webtiles) character file.

98 Jarlath the Chiller (level 4, -2/29 HPs)
             Began as a High Elf Ice Elementalist on Aug 17, 2016.
             Slain by a gnoll
             ... wielding a +2 flail of protection
              (7 damage)
             ... on level 3 of the Dungeon.
             The game lasted 00:03:01 (2448 turns).

Jarlath the Chiller (High Elf Ice Elementalist)     Turns: 2448, Time: 00:03:02

Health: -2/29      AC:  3    Str:  7    XL:     4   Next: 43%
Magic:  2/8        EV: 12    Int: 20    God:
Gold:   120        SH:  0    Dex: 15    Spells: 2 memorised, 3 levels left

rFire  . . .     SeeInvis .     n - +0 falchion (holy)
rCold  . . .     Gourm    .     h - +0 leather armour
rNeg   . . .     Faith    .     (no shield)
rPois  +         Spirit   .     (no helmet)
rElec  .         Dismiss  .     (no cloak)
rCorr  .         Reflect  .     (no gloves)
MR     .....     Harm     .     (no boots)
Stlth  ++........               (no amulet)
                                (no ring)
                                g - ring of poison resistance

@: very slightly contaminated
A: no striking features
a: no special abilities


You were on level 3 of the Dungeon.
You were not hungry.

You visited 1 branch of the dungeon, and saw 3 of its levels.

You collected 120 gold pieces.

Inventory:

Hand Weapons
 n - a +0 falchion of holy wrath (weapon)
Armour
 h - a +0 leather armour (worn)
Jewellery
 g - a ring of poison resistance (left hand)
Scrolls
 i - a scroll of amnesia
 j - a scroll of teleportation
Potions
 e - a potion of ambrosia {unknown}
 k - a potion of might {unknown}
 p - a potion of haste
Books
 b - a book of Frost

   Spells                             Type                      Level
   a - Freeze                         Ice                          1
   b - Throw Frost                    Conjuration/Ice              2
   c - Ozocubu's Armour               Charms/Ice                   3
   d - Throw Icicle                   Conjuration/Ice              4
   e - Summon Ice Beast               Ice/Summoning                4
 m - a book of the Sky

   Spells                             Type                      Level
   a - Summon Lightning Spire         Summoning/Air                4
   b - Airstrike                      Air                          4
   c - Silence                        Hexes/Air                    5
   d - Deflect Missiles               Charms/Air                   6
   e - Conjure Ball Lightning         Conjuration/Air              6
   f - Tornado                        Air                          9
Comestibles
 c - 2 bread rations
 f - 4 fruits
 o - a beef jerky


   Skills:
 - Level 1.9 Fighting
 * Level 2.6 Long Blades
 - Level 2.1 Dodging
 - Level 2.1 Stealth
 - Level 2.4 Spellcasting
   Level 1.1 Conjurations
 + Level 4.1 Ice Magic


You had 3 spell levels left.
You knew the following spells:

 Your Spells              Type           Power        Failure   Level  Hunger
a - Freeze                Ice            ###.         4%          1    #......
b - Ozocubu's Armour      Chrm/Ice       ##......     30%         3    ###....


Dungeon Overview and Level Annotations

Branches:
Dungeon (3/15)

Altars:
Gozag
Hepliaklqana
Okawaru


Message History

The gnoll hits you with a flail of protection.
Casting: Freeze
Confirm with . or Enter, or press ? or * to list all spells.
Aiming: Freeze
Press: ? - help, Shift-Dir - straight line, f/p - gnoll
Aim: a gnoll, wielding a whip (severely wounded)
You freeze the gnoll.
The gnoll is almost dead.
The gnoll closely misses you.
The gnoll hits you with a flail of protection!
* * * LOW HITPOINT WARNING * * *
Casting: Freeze
Confirm with . or Enter, or press ? or * to list all spells.
Aiming: Freeze
Press: ? - help, Shift-Dir - straight line, f/p - gnoll
Aim: a gnoll, wielding a whip (almost dead)
You freeze the gnoll.
You kill the gnoll!
The gnoll hits you with a flail of protection!
You die...

. ..# #####
.... ...#
.....##.###.#
#...)@...#
####g###.#
#)# ..# ####


You could see a gnoll.

Vanquished Creatures
  4 gnolls
  4 giant geckos
  2 orcs (D:2)
  2 ball pythons (D:1)
  2 giant cockroaches (D:2)
  2 hobgoblins
  3 jackals (D:1)
  9 kobolds
  A quokka (D:2)
  9 bats
  4 giant newts
  7 goblins
  3 rats (D:1)
52 creatures vanquished.

Vanquished Creatures (others)
  A goblin (D:2)
1 creature vanquished.

Grand Total: 53 creatures vanquished

Notes
Turn   | Place    | Note
-------+----------+-------------------------------------------
     0 | D:1      | Jarlath the High Elf Ice Elementalist began the quest for the Orb.
     0 | D:1      | Reached XP level 1. HP: 11/11 MP: 4/4
   350 | D:1      | Reached skill level 1 in Fighting
   350 | D:1      | Reached XP level 2. HP: 7/18 MP: 1/6
  1213 | D:1      | Reached XP level 3. HP: 24/24 MP: 4/7
  1541 | D:2      | Found an opulent altar of Gozag.
  1598 | D:2      | Found a hazy altar of Hepliaklqana.
  1617 | D:2      | Learned a level 3 spell: Ozocubu's Armour
  1752 | D:2      | Reached skill level 1 in Long Blades
  1814 | D:2      | Found an iron altar of Okawaru.
  1827 | D:2      | Reached skill level 4 in Ice Magic
  1827 | D:2      | Reached XP level 4. HP: 11/29 MP: 6/8
  2448 | D:3      | Slain by a gnoll

Vault maps used:
D:1:      lemuel_arrival_hallway, serial_bayou, serial_bayou_pond_c,
          serial_bayou_shore_b, serial_bayou_ford_a, serial_bayou_pond_e
D:2:      okawaru_altar_gauntlet_db, lemuel_round_altar,
          lemuel_coloured_pillars_altar
D:3:      yredelemnul_forgotten_temple_becter, first_bread,
          kennysheep_generic_room_12, uniq_jessica, uniq_robin, uniq_purgy

Skill      XL: |  1  2  3 |
---------------+----------+-----
Fighting       | 1 |  1.9
Long Blades    | 2 |  2.6
Ice Magic      | 4 |  4.1
Dodging        | |  2.1
Stealth        | |  2.1
Spellcasting   | |  2.4
Conjurations   | |  1.1

Action                   |  1- 3 |  4- 6 || total
-------------------------+-------+-------++-------
Melee: Short sword       |    65 |       ||    65
       Falchion          |    47 |     2 ||    49
 Cast: Freeze            |    32 |    15 ||    47
  Use: Potion            |     3 |       ||     3
       Scroll            |     6 |       ||     6
 Stab: Sleeping          |     5 |       ||     5
       Invisible         |     2 |       ||     2
       Distracted        |     1 |       ||     1
  Eat: Chunk             |     2 |     1 ||     3
       Fruit             |     1 |       ||     1
       Meat ration       |       |     1 ||     1
Armor: Robe              |     2 |       ||     2
       Leather armour    |    27 |     1 ||    28
Dodge: Dodged            |   114 |     5 ||   119
